 Dungeon Crawl Stone Soup version 0.26.0-10-g1f06aea511 (webtiles) character file.

Game seed: 4118814780569545795

9712 Borgoz the Nimble (level 11, -8/92 HPs)
             Began as a Ghoul Gladiator on Jan 31, 2021.
             Was a Priest of Dithmenos.
             Engulfed by an ice statue's freezing vapour (9 damage)
             ... in an ice cave.
             The game lasted 00:30:18 (16118 turns).

Borgoz the Nimble (Ghoul Gladiator)                Turns: 16118, Time: 00:30:19

Health: -8/92      AC: 13    Str: 19    XL:     11   Next: 50%
Magic:  11/11      EV: 17    Int:  3    God:    Dithmenos [***...]
Gold:   692        SH:  0    Dex: 13    Spells: 10/10 levels left

rFire    + . .     SeeInvis .   a - +0 scimitar
rCold    + . .     Faith    .   (no shield)
rNeg     + + +     Spirit   .   p - +1 leather armour {rF+}
rPois    ∞         Reflect  .   c - +1 helmet
rElec    .         Harm     .   (no cloak)
rCorr    .         Rampage  .   s - +1 pair of gloves
Will     .....                  (no boots)
Stlth    +.........             (no amulet)
HPRegen  0.00/turn              o - +4 ring of protection
MPRegen  0.12/turn              (no ring)

@: wreathed by umbra
A: claws 1, cold resistance 1, negative energy resistance 3, inhibited
regeneration, torment resistance, unbreathing
a: Renounce Religion, Shadow Step


You were in an ice cave.
You worshipped Dithmenos.
Dithmenos was most pleased with you.
You visited 3 branches of the dungeon, and saw 13 of its levels.
You also visited: Ice Cave.

You collected 692 gold pieces.

Inventory:

Hand Weapons
 a - a +0 scimitar (weapon)
 b - a +1 dagger of venom
 n - a +0 great sword
Armour
 c - a +1 helmet (worn)
 p - a +1 leather armour of fire resistance (worn)
 q - a +0 chain mail of cold resistance
 s - a +1 pair of gloves (worn)
 x - a +0 buckler
Jewellery
 d - a cursed ring of attention {unknown}
 e - an uncursed ring of magical power {unknown}
 o - a +4 ring of protection (left hand)
 A - an uncursed ring of flight
Wands
 h - a wand of digging (14)
 u - a wand of iceblast (8)
Scrolls
 j - 5 scrolls of teleportation
 k - 3 scrolls of magic mapping
 l - 5 scrolls of remove curse
 w - a scroll of fog
 y - 6 scrolls of identify
Potions
 f - 4 potions of resistance
 g - 4 potions of flight
 i - a potion of haste
 m - a potion of might
 t - 4 potions of magic


   Skills:
 + Level 7.3 Fighting
 * Level 8.6 Long Blades
 - Level 1.7 Throwing
 * Level 7.7 Armour
 * Level 8.7 Dodging
 + Level 3.3 Shields
 + Level 2.5 Invocations
 + Level 4.1 Evocations


You had 10 spell levels left.
You didn't know any spells.
Your spell library contained the following spells:

 Spells                   Type           Power        Failure   Level
 Animate Skeleton         Necr           0%           56%         1
 Corona                   Hex            0%           56%         1
 Magic Dart               Conj           0%           56%         1
 Pain                     Necr           0%           56%         1
 Blink                    Tloc           N/A          71%         2
 Call Imp                 Summ           0%           71%         2
 Ensorcelled Hibernation  Hex/Ice        0%           71%         2
 Slow                     Hex            0%           71%         2
 Confusing Touch          Hex            0%           91%         3
 Conjure Flame            Conj/Fire      0%           91%         3
 Dazzling Flash           Conj/Hex       0%           91%         3
 Mephitic Cloud           Conj/Pois/Air  0%           91%         3
 Tukima's Dance           Hex            0%           91%         3
 Vampiric Draining        Necr           0%           91%         3
 Animate Dead             Necr           0%           100%        4
 Agony                    Necr           0%           100%        5


Dungeon Overview and Level Annotations

Branches:
Dungeon (10/15)            Temple (1/1) D:5            Lair (2/6) D:9
    Orc (0/2) D:9           IceCv (1/1)
  Swamp: Lair:2-4    Shoals: Lair:2-4     Snake: Lair:2-4    Spider: Lair:2-4

Altars:
Ashenzari
Cheibriados
Dithmenos
Elyvilon
Fedhas
Gozag
Hepliaklqana
Kikubaaqudgha
Makhleb
Nemelex Xobeh
Okawaru
Qazlal
Ru
Sif Muna
Trog
Uskayaw
Vehumet
Wu Jian
Xom
Yredelemnul
Zin
The Shining One

Annotations:
D:10 2 transporters, StoneSoupSpirit's ghost, novice DsCK IceCv exclusion: 2 ice statues


Innate Abilities, Weirdness & Mutations

You thrive by killing the living.
You are immune to poison.
You have sharp fingernails.
Your flesh is cold resistant. (rC+)
You are immune to negative energy. (rN+++)
You do not regenerate when monsters are visible.
You are immune to unholy pain and torment.
You can survive without breathing.


Message History

You closely miss the ice beast.
You are engulfed in freezing vapours.
You resist.
* * * LOW HITPOINT WARNING * * *
The ice beast closely misses you.
You riposte.
You hit the ice beast but do no damage. The ice beast closely misses you.
The ice beast hits you but does no damage.
You barely miss the ice beast.
You are engulfed in freezing vapours.
You resist.
* * * LOW HITPOINT WARNING * * *
The ice statue glitters chillingly in the dim dungeon light.
The ice statue gestures at you. The bolt of cold hits you! You resist.
* * * LOW HITPOINT WARNING * * *
The bolt of cold hits the ice beast.
The ice beast completely resists.
The ice beast closely misses you. The ice beast misses you.
As you read the scroll of fear, it crumbles to dust.
You assume a fearsome visage.
The ice beast looks frightened! x3
The ice statue is unaffected. x2; You are engulfed in freezing vapours.
You resist.
You die...

##.... ##.....# #....§§8
#### #.....§##
######..## #....§.○###
##..##....#
##...§.§..°###..........
#....§§.°○..#.......∩.∩.
#.....YYY##....##.......
#....°○@####..#####....#
##...°○○8# #### ##..##
##.#.#### #### # ##


You could see 2 ice statues and 3 ice beasts.

Vanquished Creatures
  A two-headed ogre (D:8)
  A cane toad (Lair:1)
  A gargoyle (D:10)
  4 komodo dragons
  A troll (D:10)
  Grinder (D:5)
  3 blink frogs (Lair:1)
  2 wyverns
  5 yaks (D:10)
  A basilisk (D:9)
  A human (D:8)
  A warg (D:8)
  3 water moccasins
  3 hell hounds (D:10)
  A swamp drake (D:9)
  A sky beast (D:9)
  4 orc warriors
  A phantom (D:10)
  3 ogres
  3 centaurs
  5 bullfrogs
  2 big kobolds
  A wyvern skeleton (D:10)
  4 scorpions
  6 killer bees (D:10)
  3 wights (D:6)
  5 howler monkeys
  A bullfrog zombie (D:9)
  2 quasits
  6 jellies
  2 centaur skeletons (D:5)
  6 orc priests
  6 hounds
  4 bullfrog skeletons
  2 iguanas
  11 worker ants
  Natasha (thrice) (D:3)
  12 orc wizards
  A hound zombie (D:7)
  Robin (D:3)
  A howler monkey zombie (D:8)
  3 gnolls
  10 adders
  4 shadow imps
  15 white imps
  8 ufetubi
  3 oozes
  An adder zombie (D:5)
  A worm (D:3)
  7 dart slugs
  4 leopard geckos
  35 orcs
  10 bats
  4 giant cockroaches
  14 goblins
  11 hobgoblins
  12 jackals
  5 quokkas
  A ball python (D:1)
  7 frilled lizards
  A jackal zombie (D:5)
  12 kobolds
  A leopard gecko skeleton (D:5)
  7 rats
301 creatures vanquished.

Vanquished Creatures (others)
  A reaper (IceCv)
  An orc wizard (D:7)
  3 white imps (IceCv)
  An ufetubus (IceCv)
  A plant (Lair:2)
7 creatures vanquished.

Grand Total: 308 creatures vanquished

Notes
Turn   | Place    | Note
-------+----------+-------------------------------------------
     0 | D:1      | Borgoz the Ghoul Gladiator began the quest for the Orb.
     0 | D:1      | Reached XP level 1. HP: 17/17 MP: 0/0
   172 | D:1      | Reached XP level 2. HP: 18/25 MP: 1/1
   513 | D:1      | Reached XP level 3. HP: 30/30 MP: 2/2
  1124 | D:2      | Reached skill level 1 in Armour
  1536 | D:2      | Reached XP level 4. HP: 35/37 MP: 3/3
  2285 | D:3      | Noticed Robin
  2298 | D:3      | Reached XP level 5. HP: 22/45 MP: 4/4
  2331 | D:3      | Killed Robin
  2512 | D:3      | Found a glowing golden altar of the Shining One.
  2758 | D:3      | Noticed Natasha
  2770 | D:3      | Killed Natasha
  3034 | D:3      | Noticed Natasha
  3054 | D:3      | Killed Natasha
  3055 | D:3      | Reached XP level 6. HP: 37/51 MP: 5/5
  3258 | D:3      | Noticed Natasha
  3273 | D:3      | Killed Natasha
  3928 | D:5      | Entered Level 5 of the Dungeon
  3950 | D:4      | Reached XP level 7. HP: 51/58 MP: 6/6
  4629 | D:5      | Found a staircase to the Ecumenical Temple.
  4643 | Temple   | Entered the Ecumenical Temple
  5664 | D:5      | Found a sparkling altar of Nemelex Xobeh.
  5694 | D:5      | Reached skill level 5 in Dodging
  6096 | D:5      | Reached skill level 5 in Long Blades
  6127 | D:5      | Reached XP level 8. HP: 56/67 MP: 7/7
  6264 | D:5      | Noticed Grinder
  6282 | D:5      | Paralysed by Grinder for 7 turns
  6292 | D:5      | Paralysed by Grinder for 2 turns
  6295 | D:5      | Killed Grinder
  6555 | D:5      | Found an iron altar of Okawaru.
  7011 | D:6      | Reached skill level 5 in Fighting
  7701 | D:6      | Reached XP level 9. HP: 74/74 MP: 8/8
  7833 | D:6      | Reached skill level 1 in Evocations
  7842 | D:6      | Found a shadowy altar of Dithmenos.
  7922 | D:6      | Became a worshipper of Dithmenos the Shadowed
  8260 | D:7      | Found a faded altar of an unknown god.
  8260 | D:7      | Found a white marble altar of Elyvilon.
  8265 | D:7      | Found a stormy altar of Qazlal.
  8267 | D:7      | Found a shimmering blue altar of Sif Muna.
  8268 | D:7      | Found a snail-covered altar of Cheibriados.
  8304 | D:7      | Reached skill level 5 in Armour
  8760 | D:7      | Found a shimmering altar of Xom.
  8761 | D:7      | Found an ornate altar of the Wu Jian Council.
  8761 | D:7      | Found a broken altar of Ashenzari.
  8763 | D:7      | Found an ancient bone altar of Kikubaaqudgha.
  8766 | D:7      | Found a sacrificial altar of Ru.
  9045 | D:7      | Reached * piety under Dithmenos
 10154 | D:8      | Noticed a two-headed ogre
 10172 | D:8      | Killed a two-headed ogre
 10173 | D:8      | Reached skill level 1 in Shields
 10173 | D:8      | Reached XP level 10. HP: 46/83 MP: 9/9
 11006 | D:8      | Reached ** piety under Dithmenos
 11416 | D:9      | Found a staircase to the Orcish Mines.
 12041 | D:9      | Found a staircase to the Lair.
 12640 | D:10     | Entered Level 10 of the Dungeon
 12694 | D:10     | Found a transporter.
 12694 | D:10     | Found a transporter.
 12694 | D:10     | Noticed a death knight
 12695 | D:10     | Noticed StoneSoupSpirit's ghost (novice DsCK)
 12808 | D:10     | Reached skill level 1 in Invocations
 12819 | D:10     | Reached XP level 11. HP: 38/91 MP: 10/10
 14126 | D:10     | Noticed a hell knight
 14235 | Lair:1   | Entered Level 1 of the Lair of Beasts
 15825 | Lair:2   | Found a frozen archway.
 15841 | Lair:2   | Reached *** piety under Dithmenos
 15882 | IceCv    | Entered an ice cave
 16096 | IceCv    | Killed a reaper
 16117 | IceCv    | HP: 1/92 [ice statue/bolt of cold (10)]
 16118 | IceCv    | Engulfed by an ice statue's freezing vapour

Illustrated notes

Levels and vault maps discovered:
D:1:      lemuel_arrival_cross, layout_loops_ring, minmay_tromino_v7
D:2:      layout_loops_ring
D:3:      kennysheep_slugbush, layout_basic, nicolae_tso_swordbearing_angel,
          uniq_natasha, uniq_robin
D:4:      layout_basic
D:5:      layout_loops_corners, nemelex_xobeh_ov_fountains_minmay,
          marbit_many_paths, minmay_temple_entry_ruins,
          kennysheep_generic_room_3, uniq_grinder
D:6:      layout_rooms, lemuel_coloured_pillars_altar
D:7:      layout_gridville, minitemple, chequers_temple_overflow_minitemple
D:8:      layout_rooms, supply_closet_lemuel
D:9:      layout_small_grid, erik_lair_dragon, erik_orc_4, serial_glass,
          glass_columns_c, glass_columns_b, grunt_dithmenos_smoke_and_mirrors
D:10:     layout_basic, gammafunk_ghost_arena, minmay_rotating_lava
Temple:   jpeg_temple_island
Lair:1:   layout_gridlike
Lair:2:   layout_hall_layers, nicolae_swamp_entry_splash_gauntlet,
          portal_ice_cave_entry_imps, minmay_stone_trees_small,
          minmay_lair_oklob_chamber
IceCv:    ice_cave_small_demon

Skill      XL: |  1  2  3  4  5  6  7  8  9 10 11 |
---------------+----------------------------------+-----
Dodging        | 3 4 5 6 7 8 |  8.7
Long Blades    | 3 4 5 6 7 8 |  8.6
Armour         | 1 2 3 4 6 7 |  7.7
Fighting       | 3 4 5 6 7 |  7.3
Evocations     | 2 3 4 |  4.1
Shields        | 1 2 3 |  3.3
Invocations    | 1 2 |  2.5
Throwing       | |  1.7

Action                   |  1- 3 |  4- 6 |  7- 9 | 10-12 || total
-------------------------+-------+-------+-------+-------++-------
Melee: Long sword        |   110 |   269 |   247 |       ||   626
       Dagger            |       |       |   317 |    14 ||   331
       Scimitar          |       |       |       |   514 ||   514
Throw: Throwing net      |       |     3 |     3 |     3 ||     9
Evoke: Wand              |       |       |     9 |     6 ||    15
  Use: Scroll            |     4 |     8 |    12 |     1 ||    25
       Potion            |       |     2 |     2 |    10 ||    14
 Stab: Held in net/web   |       |       |     3 |     3 ||     6
       Invisible         |       |       |       |     2 ||     2
       Confused          |       |       |       |     1 ||     1
       Sleeping          |       |       |       |     1 ||     1
Armor: Leather armour    |    57 |    67 |    77 |    74 ||   275
       Chain mail        |       |       |   228 |   191 ||   419
Dodge: Dodged            |    94 |   226 |   383 |   508 ||  1211
Block: Buckler           |       |       |       |    60 ||    60
       Rpst.: Long sword |    26 |    74 |    50 |       ||   150
       Scimitar          |       |       |       |   157 ||   157
